Map: Romanticide LE

Players

VaeVictisSC - Winner!

  • Race: Zerg Zerg
  • League: Diamond

TheMadBomber

  • Race: Protoss Protoss
  • League: Diamond

VOD

Have the link to the VOD?

Description

Time

  • Played on: Oct. 2, 2021, 7:17 p.m.
  • Length: 15:02
Show
View Real Time Build Order
Export as new Build Order

VaeVictisSC Zerg - Winner!

Build Orders: Pool First 

Get SALT Encoding   

  12  0:18  Spawning Pool  
  11  0:21  Drone  
  11  0:26  Drone  
  13  0:36  Drone  
  13  0:41  Overlord  
  14  1:05  Zergling x6  
  17  1:18  Zergling x2  
  18  1:27  Hatchery  
  17  1:40  Drone, Queen  
  17  1:41  Drone  
  21  1:50  Overlord  
  20  2:20  Queen  
  22  2:35  Drone x3  
  22  2:49  Queen  
  24  2:54  Zergling x8  
  24  2:57  Extractor  
  27  2:59  Queen  
  27  3:03  Overlord  
  29  3:06  Overlord  
  29  3:11  Drone x2  
  31  3:19  Drone  
  32  3:24  Drone x2  
  34  3:42  Drone x5, Roach Warren  
  38  3:50  Extractor  
  35  4:13  Drone x9  
  43  4:20  Lair  
  43  4:29  Overlord x2  
  43  4:31  Drone  
  43  4:32  Drone  
  45  4:58  Drone x3  
  48  5:02  Hatchery  
  47  5:07  Roach x3  
  47  5:08  Roach x4  
  61  5:16  Extractor, Evolution Chamber  
  61  5:17  Drone x2  
  61  5:19  Drone  
  62  5:24  Drone x2  
  62  5:26  Glial Reconstitution  
  62  5:28  Drone  
  65  5:31  Overseer  
  65  5:34  Overseer  
  65  5:51  Spore Crawler  
  64  6:01  Roach  
  64  6:03  Overlord x5  
  66  6:06  Zerg Missile Weapons Level 1  
  66  6:22  Drone  
  66  6:23  Drone x8  
  66  6:24  Drone  
  76  6:27  Drone  
  76  6:28  Extractor  
  76  6:31  Drone x3  
  79  6:41  Roach x2  
  79  6:42  Roach  
  85  6:53  Roach x3  
  91  6:59  Queen  
  90  7:12  Roach x7  
  90  7:13  Roach x2  
  102  7:20  Roach x2  
  106  7:27  Roach  
  106  7:30  Overlord x3  
  106  7:42  Roach x2  
  100  8:00  Roach x10  
  100  8:01  Roach x4  
  128  8:07  Overlord  
  128  8:18  Roach  
  128  8:19  Overlord x2  
  128  8:34  Roach x7  
  120  8:42  Drone x7  
  120  8:44  Extractor  
  120  8:46  Infestation Pit, Extractor  
  122  8:52  Hydralisk Den  
  122  8:54  Infestation Pit, Drone  
  122  8:57  Drone x4  
  126  9:17  Zerg Missile Weapons Level 2  
  126  9:18  Hatchery  
  126  9:20  Overlord x3  
  126  9:21  Grooved Spines, Hydralisk  
  126  9:22  Hydralisk x8  
  143  9:42  Hydralisk x7  
  143  9:43  Hydralisk x2  
  161  9:51  Hatchery  
  160  10:11  Drone x9  
  160  10:12  Drone x4  
  173  10:17  Hive  
  173  10:19  Drone x5  
  178  10:33  Muscular Augments  
  174  10:46  Drone x4  
  174  10:48  Hydralisk, Drone x3  
  183  10:51  Overlord x4  
  183  11:07  Extractor  
  183  11:08  Extractor  
  181  11:15  Hydralisk x9  
  199  11:22  Hatchery  
  196  11:51  Hydralisk x3  
  186  12:06  Hydralisk x9  
  186  12:07  Hydralisk x9  
  156  12:43  Lurker Den  
  153  12:45  Spore Crawler  
  153  12:47  Spine Crawler, Hydralisk x18  
  153  12:48  Spine Crawler  
  186  13:05  Spore Crawler  
  185  13:06  Spine Crawler  
  185  13:07  Spine Crawler, Queen  
  185  13:08  Spine Crawler, Queen  
  185  13:11  Roach x7  
  186  13:38  Roach x19  
  190  13:50  Hydralisk x3  
  190  13:51  Hydralisk x2  
Show
View Real Time Build Order
Export as new Build Order

TheMadBomber Protoss 

Build Orders: Chargelot Immortal 

Get SALT Encoding   

  12  0:00  Probe (Chrono Boost)  
  13  0:15  Pylon  
  13  0:16  Probe  
  14  0:28  Probe  
  15  0:40  Probe  
  15  0:41  Gateway  
  16  0:53  Probe  
  17  1:02  Gateway  
  17  1:05  Probe (Chrono Boost)  
  18  1:14  Assimilator  
  18  1:17  Probe (Chrono Boost)  
  19  1:19  Assimilator  
  19  1:25  Probe (Chrono Boost)  
  20  1:32  Cybernetics Core  
  20  1:33  Zealot  
  22  1:42  Probe  
  23  1:53  Pylon  
  23  1:57  Pylon  
  23  2:08  Adept (Chrono Boost)  
  24  2:24  Adept (Chrono Boost)  
  23  2:35  Pylon  
  23  2:42  Pylon  
  23  2:45  Adept  
  23  2:55  Warp Gate  
  23  3:01  Stalker  
  25  3:06  Probe (Chrono Boost)  
  26  3:18  Probe (Chrono Boost)  
  27  3:24  Probe (Chrono Boost)  
  28  3:29  Sentry  
  28  3:32  Probe  
  31  3:48  Pylon  
  31  3:53  Pylon  
  31  4:05  Stalker  
  31  4:06  Probe  
  30  4:12  Nexus  
  28  4:18  Probe (Chrono Boost)  
  29  4:28  Probe (Chrono Boost)  
  30  4:34  Probe  
  31  4:43  Twilight Council  
  31  4:46  Robotics Facility  
  31  4:48  Gateway  
  31  4:56  Probe  
  31  5:04  Shield Battery  
  31  5:08  Stalker, Probe  
  31  5:11  Sentry  
  36  5:19  Charge (Chrono Boost)  
  36  5:26  Probe (Chrono Boost)  
  38  5:30  Probe (Chrono Boost)  
  38  5:38  Probe (Chrono Boost)  
  38  5:41  Probe (Chrono Boost)  
  40  5:42  Probe (Chrono Boost)  
  40  5:46  Zealot x2  
  40  5:49  Observer  
  46  5:50  Probe  
  46  5:53  Probe  
  48  6:02  Probe  
  49  6:05  Probe  
  49  6:08  Zealot x2  
  54  6:18  Pylon  
  54  6:22  Gateway  
  54  6:24  Pylon  
  54  6:25  Gateway  
  54  6:31  Gateway  
  54  6:36  Probe x2  
  56  6:40  Immortal (Chrono Boost)  
  60  6:47  Zealot  
  60  6:48  Probe  
  60  6:53  Probe  
  64  6:57  Zealot x2  
  64  7:20  Zealot x3  
  70  7:28  Pylon  
  70  7:30  Pylon  
  70  7:33  Pylon  
  70  7:42  Immortal (Chrono Boost)  
  58  7:57  Zealot x4  
  58  7:58  Zealot x2  
  60  8:12  Assimilator  
  60  8:16  Probe x2  
  60  8:18  Immortal (Chrono Boost)  
  60  8:19  Zealot x6  
  62  8:42  Stalker x3  
  62  8:43  Zealot  
  70  8:50  Immortal  
  70  8:53  Probe x2  
  76  9:00  Assimilator  
  76  9:05  Probe  
  76  9:08  Probe  
  76  9:09  Pylon  
  78  9:12  Sentry x2  
  78  9:13  Sentry  
  78  9:14  Pylon, Zealot x2  
  88  9:17  Probe, Zealot  
  88  9:23  Probe  
  92  9:33  Nexus  
  92  9:37  Shield Battery  
  92  10:01  Zealot x5  
  92  10:02  Zealot  
  104  10:07  Warp Prism (Chrono Boost)  
  106  10:16  Forge  
  106  10:21  Templar Archives  
  94  10:43  Immortal  
  98  10:51  Psionic Storm  
  98  10:52  Probe  
  98  10:53  Probe x2  
  98  10:55  Stalker x2  
  105  10:57  Protoss Ground Weapons Level 1  
  105  11:05  Probe x3  
  105  11:07  High Templar  
  105  11:08  High Templar x3  
  116  11:22  Observer  
  117  11:28  Probe x3  
  117  11:31  Zealot x2  
  124  11:40  Probe  
  124  11:45  Pylon  
  125  11:47  Pylon  
  125  11:48  Assimilator  
  125  11:49  Pylon, Assimilator  
  125  11:54  Pylon  
  119  11:57  Stargate  
  103  12:05  Zealot  
  103  12:06  Zealot x4  
  82  12:26  Immortal  
  82  12:27  Zealot  
  82  12:28  Zealot x4  
  86  12:48  High Templar x4  
  86  12:49  High Templar  
  96  12:59  Void Ray  
  96  13:04  Nexus  
  100  13:05  Gateway  
  100  13:07  Pylon, Gateway  
  100  13:08  Immortal  
  100  13:09  Gateway  
  100  13:12  Gateway  
  104  13:22  Gateway  
  104  13:27  Pylon  
  92  13:39  Zealot x2  
  92  13:40  Zealot x3  
  60  13:54  Immortal  
  52  14:13  Zealot x6  
  52  14:14  Zealot x2  
Tags
 
Add a new tag
Caveats
  • Supply blocks, unpowered buildings, or Contaminate may cause inaccurate times.
  • Supply counts are checked every 10 seconds.